 Dungeon Crawl Stone Soup version 0.31-a0-37-g98a128e1d9 (webtiles) character file.

Game seed: 11169511750171301988

55 Elsrick the Magician (level 3, -2/19 HPs)
             Began as a Deep Elf Air Elementalist on May 15, 2023.
             Slain by an iguana (13 damage)
             ... on level 2 of the Dungeon.
             The game lasted 00:05:02 (1389 turns).

Elsrick the Magician (Deep Elf Air Elementalist)    Turns: 1389, Time: 00:05:03

Health: -2/19      AC:  2    Str:  5    XL:     3   Next: 67%
Magic:  10/10      EV: 12    Int: 21    God:
Gold:   75         SH:  0    Dex: 15    Spells: 9/10 levels left

rFire   . . .        i - +4 dagger
rCold   . . .        e - orb {*Rage}
rNeg    . . .        a - +0 robe
rPois   .            (no helmet)
rElec   .            (no cloak)
rCorr   .            (no gloves)
SInv    .            (no boots)
Will    .....        (no amulet)
Stlth   ++           d - ring of wizardry
HPRegen 0.23/turn    (no ring)
MPRegen 0.12/turn

%: random rage (20%), wizardry (x1)
@: on berserk cooldown, slowed, very slow
A: no striking features
a: no special abilities


You were on level 2 of the Dungeon.
You visited 1 branch of the dungeon, and saw 2 of its levels.

You collected 75 gold pieces.

Inventory:

Hand Weapons
 i - a +4 dagger (weapon)
Armour
 a - a +0 robe (worn)
 e - an orb of wrath (worn)
Jewellery
 d - a ring of wizardry (left hand)
Scrolls
 f - a scroll of amnesia {unknown}
 g - 3 scrolls of teleportation {unknown}
 h - a scroll of silence {unknown}
 j - a scroll of poison {unknown}
 k - a scroll of noise {unknown}
 l - a scroll of identify {unknown}
 m - a scroll of enchant armour {unknown}
 n - a scroll of vulnerability {unknown}
Potions
 b - a potion of magic
 c - a potion of brilliance {unknown}


   Skills:
 + Level 2.5 Dodging
 + Level 2.6 Stealth
 + Level 0.2 Unarmed Combat
 + Level 4.2 Spellcasting
 + Level 1.6 Conjurations
 + Level 3.6 Air Magic


You had 9 spell levels left.
You knew the following spells:

 Your Spells              Type           Power      Damage    Failure   Level
a - Shock                 Conj/Air       60%        1d6       1%          1

Your spell library contained the following spells:

 Spells                   Type           Power      Damage    Failure   Level
 Static Discharge         Conj/Air       30%        2-4/arc   2%          2
 Swiftness                Air            19%        N/A       3%          3
 Airstrike                Air            9%         2d(2-18)  11%         4


Dungeon Overview and Level Annotations

Branches:
Dungeon (2/15)

Altars:


Message History

Found a scroll labelled JIWAIR MAOFA.
You start resting.
Magic restored.
Found 4 gold pieces.
n - a scroll labelled JIWAIR MAOFA You now have 75 gold pieces (gained 4).
You open the door.
There is an open door here.
A ball python comes into view.
The ball python hisses angrily.
Casting: Shock (safe; 1% risk of failure)
Confirm with . or Enter, or press ? or * to list all spells.
Aiming: Shock (safe; 1% risk of failure)
Press: ? - help, Shift-Dir - straight line, f - ball python
Aim: a ball python (68% to hit)
The zap hits the ball python.
The ball python is moderately wounded.
The ball python bites you. The ball python closely misses you.
A red film seems to cover your vision as you go berserk!
You feel yourself moving faster!
You feel mighty!
You puncture the ball python!
You kill the ball python!
You feel a strong urge to attack something.
An iguana comes into view.
You feel your anger nearly subside.
You are no longer berserk.
You are exhausted.
You feel yourself slow down.
The iguana hisses angrily.
The iguana bites you! The iguana completely misses you.
You hit the iguana.
The iguana is lightly wounded.
The iguana closely misses you.
You hit the iguana.
The iguana is moderately wounded.
The iguana bites you. The iguana misses you.
You hit the iguana.
The iguana is heavily wounded.
The iguana hisses menacingly.
The iguana bites you!
Ouch! That really hurt!
You die...

#...>.)........##
#.#
#.....#.........#
#.#
#...+##########'#
#...#.~~~~~~~~.##
#...#~........~#
#.. #~.♣♣♣♣♣♣.~#
.. #~.♣ ♣.~# #~.♣
♣.~# #~@♣ ♣.~#
#~l♣ ♣.~# #~.♣
♣.~# #~.. ..~#
#.~~ +####


You could see an iguana.

Vanquished Creatures
  2 adders (D:2)
  5 ball pythons
  5 endoplasms (D:1)
  3 goblins (D:1)
  5 hobgoblins (D:1)
  2 jackals (D:1)
  5 kobolds
  2 bats (D:1)
  A frilled lizard (D:2)
  3 rats (D:1)
33 creatures vanquished.

Notes
Turn   | Place    | Note
-------+----------+-------------------------------------------
     0 | D:1      | Elsrick the Deep Elf Air Elementalist began the quest for
                  | the Orb.
     0 | D:1      | Reached XP level 1. HP: 10/10 MP: 6/6
   181 | D:1      | Reached XP level 2. HP: 15/15 MP: 4/8
   862 | D:1      | Reached XP level 3. HP: 19/19 MP: 7/10
  1346 | D:2      | Reached skill level 4 in Spellcasting
  1389 | D:2      | Slain by an iguana

Illustrated notes

Levels and vault maps discovered:
D:1:      lemuel_arrival_tunnels, layout_basic
D:2:      layout_basic, hellmonk_ecumenical_altar_heavens_door,
          kennysheep_pointless_box, nicolae_hexahallways, uniq_natasha

Skill      XL: |  1  2  3 |
---------------+----------+-----
Spellcasting   | 4 |  4.2
Dodging        | |  2.5
Stealth        | |  2.6
Unarmed Combat | |  0.2
Conjurations   | |  1.6
Air Magic      | |  3.6

Action                     || total
---------------------------++-------
  Melee: Unarmed           ||    16
         Dagger            ||     7
   Cast: Shock             ||    53
 Armour: Robe              ||     1
  Dodge: Dodged            ||    20

Table legend: (Time is in decaauts)
 A = Elapsed time spent in this place.
 B = Non-inter-level travel time spent in this place.
 C = Inter-level travel time spent in this place.
 D = Time resting spent in this place.
 E = Time spent auto-exploring this place.
 F = Levels seen in this place.
 G = Mean time per level.
                   A        B        C        D        E       F      G
               +--------+--------+--------+--------+--------+-----+--------+
         Total |   1388 |   1355 |     33 |    469 |    630 |   2 |  694.0 |
       Dungeon |   1388 |   1355 |     33 |    469 |    630 |   2 |  694.0 |
               +--------+--------+--------+--------+--------+-----+--------+

Top non-repeatable levels by time:
     D:1: 1282 daAuts
     D:2: 105 daAuts
